Map: Acid Plant LE

Players

Shubin - Winner!

  • Race: Protoss Protoss
  • League: Master
  • Spawn Location: 11:00

Iceman

  • Race: Zerg Zerg
  • League: Diamond
  • Spawn Location: 5:00

VOD

Have the link to the VOD?

Description

Time

  • Played on: June 23, 2018, 6:09 a.m.
  • Length: 11:25
Show
View Real Time Build Order
Export as new Build Order

Shubin Protoss - Winner!

Build Orders:  

Get SALT Encoding   

  12  0:02  Probe  
  13  0:14  Pylon  
  13  0:19  Probe  
  14  0:31  Probe  
  15  0:40  Forge  
  15  0:44  Probe  
  15  0:48  Pylon  
  16  1:02  Probe  
  17  1:08  Gateway  
  17  1:13  Gateway  
  17  1:23  Probe  
  17  1:24  Pylon  
  18  1:43  Photon Cannon  
  18  1:47  Photon Cannon  
  18  1:57  Zealot  
  20  2:02  Zealot  
  20  2:03  Pylon  
  22  2:14  Probe  
  22  2:15  Zealot  
  22  2:22  Zealot  
  26  2:46  Zealot  
  26  2:48  Zealot  
  30  3:06  Zealot  
  30  3:07  Photon Cannon  
  30  3:08  Cybernetics Core  
  30  3:13  Zealot  
  30  3:14  Probe  
  30  3:17  Assimilator  
  35  3:21  Photon Cannon, Assimilator  
  31  3:40  Zealot  
  31  3:50  Probe  
  32  4:02  Probe  
  33  4:09  Photon Cannon  
  33  4:28  Photon Cannon  
  33  4:37  Probe  
  33  4:42  Shield Battery  
  34  4:57  Robotics Facility  
  34  5:10  Probe  
  35  5:16  Warp Gate  
  35  5:22  Probe  
  36  5:33  Pylon  
  36  5:44  Probe  
  37  5:51  Immortal  
  41  5:58  Probe  
  42  6:06  Robotics Facility  
  42  6:27  Pylon  
  42  6:29  Immortal, Shield Battery  
  42  6:30  Shield Battery  
  44  7:00  Immortal  
  48  7:03  Nexus  
  48  7:05  Pylon  
  48  7:06  Assimilator  
  46  7:38  Immortal  
  46  8:17  Probe x2  
  46  8:19  Immortal  
  46  8:37  Probe x2  
  48  8:45  Pylon  
  48  8:46  Shield Battery  
  48  8:55  Stalker x2  
  50  9:08  Pylon  
  48  9:17  Probe, Immortal  
  50  9:20  Probe  
  52  9:25  Probe  
  53  9:32  Probe  
  53  9:34  Observer  
  53  9:35  Probe  
  55  9:45  Probe  
  57  9:47  Probe  
  57  9:48  Gateway  
  57  9:50  Gateway  
  58  9:53  Pylon  
  54  10:02  Adept x2  
  48  10:38  Immortal  
  47  11:01  Probe  
  47  11:02  Probe  
  51  11:12  Assimilator  
  51  11:15  Pylon  
Show
View Real Time Build Order
Export as new Build Order

Iceman Zerg 

Build Orders: Hatch First 

Get SALT Encoding   

  12  0:01  Drone  
  13  0:12  Overlord  
  13  0:17  Drone  
  14  0:30  Drone x2  
  16  0:49  Hatchery  
  15  0:53  Drone  
  15  0:56  Drone  
  17  1:00  Drone  
  18  1:10  Extractor  
  17  1:17  Spawning Pool  
  16  1:20  Drone  
  16  1:23  Drone  
  18  1:28  Drone  
  19  2:08  Zergling x8  
  23  2:15  Zergling x2  
  24  2:19  Zergling x2  
  24  2:22  Spine Crawler  
  24  2:24  Drone  
  25  2:39  Drone x2  
  25  2:41  Drone  
  27  2:48  Spine Crawler  
  27  2:51  Spine Crawler  
  24  3:04  Spine Crawler  
  22  3:07  Drone  
  22  3:11  Extractor  
  22  3:23  Roach Warren  
  20  3:30  Drone  
  20  3:31  Drone  
  19  3:43  Drone x2  
  21  4:19  Overlord  
  21  4:30  Hatchery, Queen  
  22  4:38  Roach  
  24  4:40  Roach  
  26  4:47  Roach  
  28  4:55  Roach  
  30  5:06  Overlord  
  30  5:19  Lair  
  30  5:24  Overlord  
  30  5:42  Roach x2  
  34  5:47  Roach, Ravager  
  34  5:48  Ravager  
  34  5:49  Ravager  
  39  5:51  Ravager  
  40  6:01  Drone x2  
  40  6:03  Drone  
  43  6:22  Nydus Network  
  43  6:23  Overseer  
  42  6:27  Drone x2  
  43  6:43  Overlord  
  43  6:44  Overlord  
  43  6:47  Roach  
  43  7:07  Nydus Canal  
  43  7:10  Roach x3  
  49  7:16  Roach  
  49  7:19  Roach  
  53  7:24  Roach  
  55  7:42  Roach x2  
  53  7:58  Roach x3  
  44  8:13  Roach x3  
  44  8:16  Roach  
  52  8:22  Roach  
  50  8:36  Roach  
  52  8:43  Roach  
  47  9:03  Roach x3  
  50  9:12  Roach  
  52  9:18  Drone  
  52  9:19  Drone  
  54  9:33  Nydus Canal  
  54  9:38  Overlord x2  
  54  10:04  Roach x3  
  54  10:05  Roach, Ravager  
  63  10:12  Roach  
  57  10:22  Roach  
  57  10:23  Roach  
  55  10:43  Zergling x4  
Tags
 
Add a new tag
Caveats
  • Supply blocks, unpowered buildings, or Contaminate may cause inaccurate times.
  • Supply counts are checked every 10 seconds.